 Dungeon Crawl Stone Soup version 0.28-a0-851-g8b9cc49659 (webtiles) character file.

Game seed: 3810459702771901226

1024 bande the Covered (level 8, 0/43 HPs)
             Began as a Gargoyle Fighter on Nov 14, 2021.
             Was a Follower of Okawaru.
             Slain by Prince Ribbit (8 damage)
             ... on level 5 of the Dungeon.
             The game lasted 00:11:43 (5996 turns).

bande the Covered (Gargoyle Fighter)                Turns: 5996, Time: 00:11:44

Health: 0/43       AC: 20    Str: 21    XL:     8   Next: 22%
Magic:  9/9        EV:  9    Int:  9    God:    Okawaru [*.....]
Gold:   34         SH:  4    Dex: 10    Spells: 7/7 levels left

rFire   . . .      SeeInvis .   a - +0 war axe (protect)
rCold   . . .      Faith    .   c - +0 buckler
rNeg    + . .      Spirit   .   b - +0 scale mail
rPois   ∞          Reflect  .   (no helmet)
rElec   +          Harm     .   (no cloak)
rCorr   .          Rampage  .   (no gloves)
Will    .....                   (no boots)
Stlth   ..........              (no amulet)
HPRegen 0.14/turn               (no ring)
MPRegen 0.11/turn               (no ring)

@: brilliant, under a protective aura
A: sickness immunity, AC +5, negative energy resistance 1, electricity
resistance, torment resistance 1, petrification resistance, frail 1, wild magic
1
a: Renounce Religion, Heroism


You were on level 5 of the Dungeon.
You worshipped Okawaru.
Okawaru was aware of your devotion.
You visited 1 branch of the dungeon, and saw 5 of its levels.
You also visited: Sewer.

You collected 114 gold pieces.
You spent 80 gold pieces at shops.

Inventory:

Hand Weapons
 a - a +0 war axe of protection (weapon)
 i - the +12 falchion "Kaunlu" {flame, rElec Str+3 SInv}
   (You found it on level 4 of the Dungeon)

   It burns those it strikes, dealing additional fire damage.
   Big, fiery blades are also staple armaments of hydra-hunters.
   Str:       It affects your strength (+3).
   rElec:     It insulates you from electricity.
   SInv:      It lets you see invisible.
 v - a +0 flail
Armour
 b - a +0 scale mail (worn)
 c - a +0 buckler (worn)
 l - a +0 helmet
Jewellery
 f - a ring of magical power
Wands
 e - a wand of digging (4)
 o - a wand of iceblast (14)
Scrolls
 h - a scroll of fog
 m - 3 scrolls of teleportation
 r - 3 scrolls of enchant armour
 s - 2 scrolls of summoning
 t - a scroll of blinking
Potions
 d - 2 potions of might
 g - 4 potions of haste
 j - a potion of attraction
 k - a potion of cancellation
 n - 2 potions of curing
 p - 4 potions of invisibility


   Skills:
 + Level 4.9 Fighting
 + Level 5.4 Axes
 + Level 5.5 Armour
 + Level 4.7 Shields
 * Level 2.2 Invocations
 * Level 2.5 Evocations


You had 7 spell levels left.
You didn't know any spells.
Your spell library contained the following spells:

 Spells                   Type           Power      Damage    Failure   Level
 Alistair's Intoxication  Tmut/Pois      0%         N/A       100%        5
 Borgnjor's Vile Clutch   Necr/Erth      0%         N/A       100%        5
 Eringya's Noxious Bog    Tmut/Pois      0%         N/A       100%        6


Dungeon Overview and Level Annotations

Branches:
Dungeon (5/15)             Temple (0/1) D:5           Sewer (visited)

Altars:
Cheibriados
Okawaru
Vehumet
Wu Jian

Shops:
D:5 [!!(

Annotations:
D:5 Prince Ribbit


Innate Abilities, Weirdness & Mutations

You are immune to sickness and miasma.
Your stone body is resilient. (AC +5)
You are immune to poison.
You resist negative energy. (rN+)
You are resistant to electric shocks. (rElec)
You are resistant to unholy torment.
You are immune to petrification.
You are frail. (-10% HP)
Your spells are a little harder to cast, but a little more powerful.


Message History

Prince Ribbit is moderately wounded.
You slash the mummy!
Prince Ribbit blinks!
The mummy hits you but does no damage.
You hit the mummy but do no damage.
The mummy is almost destroyed.
The mummy barely misses you.
You hit the mummy.
You destroy the mummy!
Okawaru accepts your kill.
You barely miss Prince Ribbit.
Prince Ribbit is moderately wounded.
Prince Ribbit blinks!
You barely miss Prince Ribbit.
Prince Ribbit is moderately wounded.
Prince Ribbit hits you but does no damage.
You barely miss Prince Ribbit.
Prince Ribbit is moderately wounded.
Prince Ribbit blinks! x2
You miss Prince Ribbit.
Prince Ribbit is lightly wounded.
Prince Ribbit barely misses you. Prince Ribbit completely misses you.
You hit Prince Ribbit.
Your weapon exudes an aura of protection.
Prince Ribbit is moderately wounded.
Prince Ribbit closely misses you.
You miss Prince Ribbit.
Prince Ribbit is moderately wounded.
Prince Ribbit blinks!
It was a potion of brilliance.
You feel clever all of a sudden.
It was a potion of magic.
Magic courses through your body. You block Prince Ribbit's attack.
Prince Ribbit blinks!
Prince Ribbit hits you!
* * * LOW HITPOINT WARNING * * *
Prince Ribbit closely misses you.
You hit Prince Ribbit.
Your weapon exudes an aura of protection.
Prince Ribbit is moderately wounded.
Prince Ribbit hits you!
You die...

...# # .... .#.#
#. ...
...##.#.###.#####
...##.#.........#
.#.##...........#
...#
#.....(....###
...#
#.......)....#
.#.#
##>....#..8..#
#.######## ...#
#.....#..F@.#
#.#....... ...#
#.....#.....#
#.#.###### .#.#
#.###.##'''##
#.#.#..... ...#
.. #.#.....#
#.#......# ...#..
#.#.....#
#.######.. .#.#.
#.#.....#
#^#...##.. ...#
#.#.....#
#.#.#.##.. ...#
... #.#.._..#
#.#.#.###. .#.#
#.# #.# #.#.#.#
#.


You could see Prince Ribbit.

Vanquished Creatures
  A black bear (D:5)
  An ogre (D:4)
  2 lemures
  2 bullfrogs (Sewer)
  A scorpion (D:4)
  A water moccasin skeleton (D:3)
  A bullfrog zombie (D:5)
  A centaur zombie (D:5)
  A gnoll shaman (D:4)
  2 hounds
  A centaur skeleton (D:4)
  2 iguanas (D:5)
  A mummy (D:5)
  Robin (D:2)
  3 gnolls
  20 adders
  3 river rats (Sewer)
  2 worms
  A dart slug (D:3)
  An orc (D:3)
  23 ball pythons
  7 endoplasms
  4 giant cockroaches
  13 goblins
  10 hobgoblins
  6 jackals
  12 kobolds
  3 quokkas
  A bat (D:3)
  7 frilled lizards
  32 rats
166 creatures vanquished.

Vanquished Creatures (others)
  A fungus (D:5)
1 creature vanquished.

Grand Total: 167 creatures vanquished

Notes
Turn   | Place    | Note
-------+----------+-------------------------------------------
     0 | D:1      | bande the Gargoyle Fighter began the quest for the Orb.
     0 | D:1      | Reached XP level 1. HP: 14/14 MP: 1/1
   156 | D:1      | Found a faded altar of an unknown god.
   259 | D:1      | Reached XP level 2. HP: 18/19 MP: 2/2
   674 | D:1      | Reached XP level 3. HP: 23/23 MP: 3/3
   952 | D:2      | Gained mutation: You have a pair of small horns on your
                  | head. [potion of mutation]
  1201 | D:2      | Reached XP level 4. HP: 23/29 MP: 4/4
  1494 | D:2      | Noticed Robin
  1516 | D:2      | Killed Robin
  1517 | D:2      | Reached XP level 5. HP: 25/33 MP: 5/5
  2362 | D:3      | Reached XP level 6. HP: 35/38 MP: 6/6
  2522 | D:3      | Found a glowing drain.
  2531 | Sewer    | Entered a sewer
  3042 | Sewer    | Reached skill level 1 in Evocations
  3044 | Sewer    | Reached XP level 7. HP: 17/44 MP: 7/7
  3050 | Sewer    | HP: 1/44 [adder (4)]
  3921 | D:4      | Found an iron altar of Okawaru.
  3931 | D:4      | Became a worshipper of Warmaster Okawaru
  4040 | D:4      | Identified the +12 falchion "Kaunlu" {flame, rElec Str+3
                  | SInv}
  4192 | D:4      | Reached skill level 5 in Armour
  4192 | D:4      | Reached skill level 1 in Invocations
  4533 | D:4      | Found an ornate altar of the Wu Jian Council.
  4535 | D:4      | Found a radiant altar of Vehumet.
  4710 | D:4      | Reached skill level 5 in Axes
  5153 | D:5      | Entered Level 5 of the Dungeon
  5193 | D:5      | Found a staircase to the Ecumenical Temple.
  5208 | D:5      | Reached * piety under Okawaru
  5283 | D:5      | Reached XP level 8. HP: 44/48 MP: 9/9
  5400 | D:5      | Noticed Prince Ribbit
  5757 | D:5      | Found Loiruise's Antique Armour Shop.
  5757 | D:5      | Found Qamp's Distillery.
  5761 | D:5      | Found Emycuq's Distillery.
  5761 | D:5      | Found Verhiogu's Antique Weapon Shop.
  5772 | D:5      | Bought a potion of mutation for 80 gold pieces
  5791 | D:5      | Lost mutation: You have a pair of small horns on your head.
                  | [potion of mutation]
  5791 | D:5      | Gained mutation: You are frail. (-10% HP) [potion of
                  | mutation]
  5791 | D:5      | Gained mutation: Your spells are a little harder to cast,
                  | but a little more powerful. [potion of mutation]
  5969 | D:5      | Found a snail-covered altar of Cheibriados.
  5996 | D:5      | Slain by Prince Ribbit

Illustrated notes

Levels and vault maps discovered:
D:1:      dpeg_arrival_pond, layout_loops_cross, ebering_ecumenical_altar_box,
          minmay_box_of_dots
D:2:      layout_rooms, kennysheep_nub, minmay_snake_closets, uniq_robin
D:3:      layout_basic, portal_sewer_entry_d
D:4:      layout_cave_pods, okawaru_metal_pillars_1_2,
          chequers_temple_overflow_statue_of_worship, serial_column_ruins,
          column_ruins_grid_3, column_ruins_corridor_corner,
          column_ruins_grid_1, column_ruins_corridor_corner,
          column_ruins_grid_3, column_ruins_open_large, nrook_loot_triangle
D:5:      layout_basic, slow_altar_2, minmay_temple_entry_mist, serial_shops,
          kennysheep_mini, columned_hall_lemuel, minmay_shop_grid_forest,
          minmay_holes, uniq_crazy_yiuf_cottage, uniq_prince_ribbit1, uniq_pikel

Skill      XL: |  1  2  3  4  5  6  7  8 |
---------------+-------------------------+-----
Axes           | 2 3 4 5 |  5.4
Armour         | 4 5 |  5.5
Shields        | 4 |  4.7
Fighting       | 4 |  4.9
Evocations     | 1 2 |  2.5
Invocations    | 1 2 |  2.2

Action                   |  1- 3 |  4- 6 |  7- 9 || total
-------------------------+-------+-------+-------++-------
Melee: War axe           |    98 |   248 |   178 ||   524
       Headbutt          |     4 |    22 |    36 ||    62
  Use: Scroll            |     5 |     1 |     7 ||    13
       Potion            |     1 |       |     9 ||    10
Armor: Scale mail        |    62 |   171 |   125 ||   358
Dodge: Dodged            |    44 |   140 |    85 ||   269
Block: Buckler           |    31 |    65 |    41 ||   137

Table legend: (Time is in decaauts)
 A = Elapsed time spent in this place.
 B = Non-inter-level travel time spent in this place.
 C = Inter-level travel time spent in this place.
 D = Time resting spent in this place.
 E = Time spent auto-exploring this place.
 F = Levels seen in this place.
 G = Mean time per level.
                   A        B        C        D        E       F      G
               +--------+--------+--------+--------+--------+-----+--------+
         Total |   6278 |   6194 |     84 |   1035 |   3340 |   6 | 1046.3 |
       Dungeon |   5080 |   4996 |     84 |    529 |   3174 |   5 | 1016.0 |
         Sewer |   1198 |   1198 |      0 |    506 |    165 |   1 | 1198.0 |
               +--------+--------+--------+--------+--------+-----+--------+

Top non-repeatable levels by time:
     D:4: 1442 daAuts
   Sewer: 1198 daAuts
     D:2: 1082 daAuts
     D:3: 950 daAuts
     D:1: 927 daAuts
     D:5: 677 daAuts
